 Dungeon Crawl Stone Soup version 0.29-a0-380-gf50f0a9fbc (webtiles) character file.

Game seed: 17359216504094918282

497 swappor the Cleaver (level 6, -3/52 HPs)
             Began as a Minotaur Berserker on May 5, 2022.
             Was a Priest of Trog.
             Slain by an iguana (9 damage)
             ... on level 5 of the Dungeon.
             The game lasted 00:09:28 (4232 turns).

swappor the Cleaver (Minotaur Berserker)            Turns: 4232, Time: 00:09:29

Health: -3/52      AC:  8    Str: 22    XL:     6   Next: 93%
Magic:  0/5        EV:  8    Int:  6    God:    Trog [***...]
Gold:   366        SH:  0    Dex:  9    Spells: 5/5 levels left

rFire   + . .      SeeInvis .   k - +0 war axe
rCold   + . .      Faith    .   (no shield)
rNeg    . . .      Spirit   +   m - +0 chain mail
rPois   .          Reflect  .   (helmet restricted)
rElec   .          Harm     .   (no cloak)
rCorr   .          Rampage  .   (no gloves)
Will    .....                   (no boots)
Stlth   ..........              f - amulet of guardian spirit
HPRegen 0.17/turn               C - ring of protection from cold {rC+, !d}
MPRegen 0.09/turn               F - ring of protection from fire {rF+, !d}

@: no status effects
A: horns 2, retaliatory headbutt
a: Renounce Religion, Berserk, Trog's Hand


You were on level 5 of the Dungeon.
You worshipped Trog.
Trog was most pleased with you.
You visited 1 branch of the dungeon, and saw 5 of its levels.

You collected 366 gold pieces.

Inventory:

Hand Weapons
 k - a +0 war axe (weapon)
   (You found it on level 3 of the Dungeon)
Missiles
 a - 12 poisoned darts (quivered)
Armour
 m - a +0 chain mail (worn)
   (You found it on level 3 of the Dungeon)
Jewellery
 f - an amulet of guardian spirit (around neck)
   (You found it on level 1 of the Dungeon)
 C - a ring of protection from cold (left hand) {rC+, !d}
   (You found it on level 2 of the Dungeon)
 F - a ring of protection from fire (right hand) {rF+, !d}
   (You found it on level 3 of the Dungeon)
Scrolls
 d - 2 scrolls of magic mapping {unknown}
 e - 6 scrolls of teleportation {unknown}
 g - 4 scrolls of identify {unknown}
 i - 2 scrolls of amnesia {unknown}
 j - a scroll of brand weapon {unknown}
 n - a scroll of noise {unknown}
 p - 2 scrolls of blinking {unknown}
Potions
 b - a potion of flight {unknown}
 c - a potion of invisibility {unknown}
 h - 2 potions of curing {unknown}
 l - a potion of brilliance {unknown}
 o - a potion of attraction {unknown}


   Skills:
 - Level 3.7 Fighting
 + Level 9.4 Axes
 - Level 2.5 Armour
 - Level 2.3 Dodging


You had 5 spell levels left.
You didn't know any spells.
Your spell library was empty.

Dungeon Overview and Level Annotations

Branches:
Dungeon (5/15)
 Temple: D:4-7

Altars:

Shops:
D:1 *

Annotations:
D:2 1 runed translucent door, Crazy Yiuf


Innate Abilities, Weirdness & Mutations

You have a pair of horns on your head.
You reflexively headbutt those who attack you in melee.


Message History

You completely miss the hound. The hound barely misses you.
You hit the hound. The hound bites you. x2
You take 4 damage, and have 42/52 hp.
You now have 3/5 mp.
You closely miss the hound. The hound bites you.
An ice beast comes into view.
The hound bites you but does no damage.
You take 1 damage, and have 41/52 hp.
You now have 2/5 mp.
You miss the hound. The hound bites you.
You take 4 damage, and have 37/52 hp.
You hit the hound. Your headbutt misses the hound.
The hound barely misses you. x2
You furiously retaliate!
You headbutt the hound. You hit the hound.
You kill the hound!
Trog accepts your kill.
An adder comes into view.
The adder hisses angrily.
You climb upwards.
There is a stone staircase leading down here.
You start resting.
Health restored: 52; MP restored: 5
There is a stone staircase leading down here.
You climb downwards.
The ice beast hits you but does no damage.
There is a stone staircase leading up, spattered with blood here.
The ice beast hits you. The ice beast freezes you. You resist.
The adder barely misses you.
You climb upwards.
There is a stone staircase leading down here.
You take 7 damage, and have 45/52 hp.
You now have 4/5 mp.
You closely miss the ice beast. Your headbutt misses the ice beast.
The ice beast hits you but does no damage.
You slash the ice beast!
The ice beast hits you but does no damage.
You slash the ice beast!
The ice beast hits you but does no damage.
You closely miss the ice beast.
The ice beast hits you but does no damage.
You hit the ice beast. You headbutt the ice beast.
The ice beast closely misses you. You furiously retaliate!
You headbutt the ice beast!
You kill the ice beast!
Trog accepts your kill.
Your Axes skill increases to level 9!
There is a stone staircase leading down here.
You start resting.
Health restored: 52; MP restored: 5 You climb downwards.
The adder bites you but does no damage. x2
There is a stone staircase leading up, spattered with blood here.
You barely miss the adder. The adder bites you but does no damage.
You miss the adder. Your headbutt misses the adder.
The adder completely misses you.
You barely miss the adder. The adder barely misses you.
You furiously retaliate!
You headbutt the adder. You slash the adder!
You kill the adder!
Trog accepts your kill.
You see here an adder corpse.
There is a stone staircase leading up, spattered with blood here.
p - a scroll labelled RARYSH DEEKH
p - 2 scrolls labelled RARYSH DEEKH (gained 1)
An iguana comes into view.
Found an escape hatch in the floor.
The iguana hisses menacingly.
You barely miss the iguana.
The iguana bites you but does no damage.
You closely miss the iguana.
The iguana hisses menacingly.
The iguana barely misses you.
You barely miss the iguana. Your headbutt misses the iguana.
The iguana bites you.
You take 5 damage, and have 47/52 hp.
You now have 4/5 mp.
You closely miss the iguana. The iguana bites you.
You take 3 damage, and have 44/52 hp.
You hit the iguana. Your headbutt misses the iguana. The iguana bites you!
You take 11 damage, and have 33/52 hp.
MASSIVE DAMAGE!!
You now have 3/5 mp.
You hit the iguana. Your headbutt misses the iguana. The iguana bites you!
You take 6 damage, and have 27/52 hp.
You now have 2/5 mp.
You closely miss the iguana. You headbutt the iguana.
The iguana closely misses you. You furiously retaliate!
You headbutt the iguana. You barely miss the iguana. The iguana bites you!
You take 11 damage, and have 17/52 hp.
MASSIVE DAMAGE!!
You now have 1/5 mp.
You closely miss the iguana. Your headbutt misses the iguana.
The iguana bites you.
* * * LOW HITPOINT WARNING * * *
You take 6 damage, and have 11/52 hp.
You barely miss the iguana. The iguana bites you.
* * * LOW HITPOINT WARNING * * *
You take 2 damage, and have 9/52 hp.
You barely miss the iguana. The iguana bites you.
* * * LOW HITPOINT WARNING * * *
You take 4 damage, and have 5/52 hp.
You hit the iguana but do no damage.
The iguana bites you but does no damage.
You closely miss the iguana. The iguana bites you!
You die...

...>... .. ....... ....
...... .....
...$.....###.....
...........##....#......
........................
........##.##....#...#
#...............@l..#
..............##.#...#
.........##...##.# ....#
....#...###......# ....
................## ...
......#.....##...# .#
.#.........#####...# .
.#.........# ...#
...........## .....


You could see an iguana.

Vanquished Creatures
  An ice beast (D:4)
  An ogre (D:3)
  A scorpion (D:4)
  2 hounds
  A jelly (D:4)
  9 adders
  2 worms (D:3)
  2 dart slugs
  An orc (D:3)
  3 bats
  8 endoplasms
  2 giant cockroaches
  11 hobgoblins
  4 jackals
  7 kobolds
  3 quokkas
  6 ball pythons
  A frilled lizard (D:1)
  9 goblins
  A rat (D:3)
  2 bushes (D:3)
77 creatures vanquished.

Vanquished Creatures (others)
  8 plants (D:3)
8 creatures vanquished.

Grand Total: 85 creatures vanquished

Notes
Turn   | Place    | Note
-------+----------+-------------------------------------------
     0 | D:1      | swappor the Minotaur Berserker began the quest for the Orb.
     0 | D:1      | Reached XP level 1. HP: 19/19 MP: 0/0
   141 | D:1      | Found Jeraiv's Assorted Antiques.
   279 | D:1      | Found a faded altar of an unknown god.
   318 | D:1      | Reached skill level 4 in Axes
   391 | D:1      | Reached XP level 2. HP: 27/27 MP: 1/1
  1157 | D:2      | Reached XP level 3. HP: 24/33 MP: 2/2
  1391 | D:2      | Reached skill level 5 in Axes
  1833 | D:2      | Found a runed translucent door.
  1834 | D:2      | Noticed Crazy Yiuf
  2128 | D:3      | Reached ** piety under Trog
  2246 | D:3      | Reached XP level 4. HP: 37/40 MP: 3/3
  2524 | D:3      | Reached skill level 6 in Axes
  2604 | D:3      | Noticed an ogre
  2631 | D:3      | Killed an ogre
  2632 | D:3      | Reached skill level 7 in Axes
  2632 | D:3      | Reached XP level 5. HP: 46/46 MP: 4/4
  3322 | D:4      | Reached skill level 8 in Axes
  3556 | D:4      | Reached XP level 6. HP: 45/52 MP: 5/5
  3765 | D:4      | Reached *** piety under Trog
  4043 | D:5      | Entered Level 5 of the Dungeon
  4055 | D:5      | Noticed an ice beast
  4153 | D:4      | Killed an ice beast
  4154 | D:4      | Reached skill level 9 in Axes
  4228 | D:5      | HP: 11/52 [iguana (6)]
  4230 | D:5      | HP: 5/52 [iguana (4)]
  4232 | D:5      | Slain by an iguana

Illustrated notes

Levels and vault maps discovered:
D:1:      co_arrival_square_in_a_square_in_a_square, layout_rooms, serial_shops,
          nicolae_shop_advertising_works [nicolae_subvault_shop_adworks],
          dreamdust_ecumenical_altar_angels_and_demons
D:2:      layout_basic, uniq_crazy_yiuf_cottage
D:3:      wander_river, layout_loops_ring, serial_forest,
          infiniplex_forest_clump_diagonal, infiniplex_forest_clump_medium,
          infiniplex_forest_lined_2, infiniplex_forest_zigzag_2,
          infiniplex_forest_pool, infiniplex_forest_lined_1
D:4:      layout_loops_ring, grunt_ministairs_6, chequers_avenue
D:5:      layout_cave_pools, nicolae_overflow_hidden_temple, uniq_ijyb

Skill      XL: |  1  2  3  4  5  6 |
---------------+-------------------+-----
Axes           | 4 5 7 8 9 |  9.4
Fighting       | |  3.7
Armour         | |  2.5
Dodging        | |  2.3

Action                   |  1- 3 |  4- 6 || total
-------------------------+-------+-------++-------
Melee: Hand axe          |    63 |       ||    63
       Headbutt          |    13 |    36 ||    49
       Punch             |     1 |     1 ||     2
       War axe           |    11 |   197 ||   208
Throw: Stone             |    10 |       ||    10
       Dart              |       |     4 ||     4
Armor: Animal skin       |     5 |       ||     5
       Leather armour    |     7 |     6 ||    13
       Chain mail        |       |    39 ||    39
Dodge: Dodged            |    55 |    51 ||   106

Table legend: (Time is in decaauts)
 A = Elapsed time spent in this place.
 B = Non-inter-level travel time spent in this place.
 C = Inter-level travel time spent in this place.
 D = Time resting spent in this place.
 E = Time spent auto-exploring this place.
 F = Levels seen in this place.
 G = Mean time per level.
                   A        B        C        D        E       F      G
               +--------+--------+--------+--------+--------+-----+--------+
         Total |   4294 |   3976 |    318 |    110 |   3075 |   5 |  858.8 |
       Dungeon |   4294 |   3976 |    318 |    110 |   3075 |   5 |  858.8 |
               +--------+--------+--------+--------+--------+-----+--------+

Top non-repeatable levels by time:
     D:2: 1440 daAuts
     D:3: 1142 daAuts
     D:4: 1053 daAuts
     D:1: 592 daAuts
     D:5: 66 daAuts

Table legend:
 A = Kills in this place as a percentage of kills in entire the game.
 B = Kills by you in this place as a percentage of kills by you in the entire game.
 C = Kills by friends in this place as a percentage of kills by friends in the entire game.
 D = Other kills in this place as a percentage of other kills in the entire game.
 E = Experience gained in this place as a percentage of experience gained in the entire game.
 F = Experience gained in this place divided by the number of levels of this place that you have seen.
                   A       B       C       D       E      F
               +-------+-------+-------+-------+-------+----------------------
         Total | 100.0 | 100.0 |   N/A |   N/A | 100.0 | 142.0
       Dungeon | 100.0 | 100.0 |   N/A |   N/A | 100.0 | 142.0
               +-------+-------+-------+-------+-------+----------------------
